 Dungeon Crawl Stone Soup version 0.18-a0-73-g76764e3 (webtiles) character file.

317 Proton the Chopper (level 6, -1/56 HPs)
             Began as a Deep Dwarf Fighter on Nov 11, 2015.
             Succumbed to an orc wizard's poison
             ... on level 4 of the Dungeon.
             The game lasted 00:03:11 (1698 turns).

Proton the Chopper (Deep Dwarf Fighter)             Turns: 1698, Time: 00:03:11

Health: -1/56      AC:  9    Str: 21    XL:     6   Next: 20%
Magic:  6/6        EV:  7    Int:  8    God:
Gold:   110        SH: 10    Dex: 13    Spells: 0 memorised, 5 levels left

rFire  . . .     SeeInvis .     a - +0 war axe
rCold  . . .     Clarity  .     b - +0 scale mail
rNeg   . . .     SustAt   .     c - +0 shield
rPois  .         Gourm    .     p - +1 helmet
rElec  .         Spirit   .     (no cloak)
rCorr  +         Warding  .     (no gloves)
rMut   .         Stasis   .     (no boots)
MR     .....                    w - amulet of resist corrosion
Stlth  ..........               (no ring)
                                k - ring of flight

@: lethally poisoned (-1 -> -9), non-regenerating, not resistant to hostile
enchantments, extremely unstealthy
A: damage resistance, recharge devices, sense surroundings 1, slow regeneration
3
a: Device Recharging, Evoke Flight


You were on level 4 of the Dungeon.
You were not hungry.

You visited 1 branch of the dungeon, and saw 4 of its levels.

You collected 110 gold pieces.

Inventory:

Hand Weapons
 a - a +0 war axe (weapon)
Armour
 b - a +0 scale mail (worn)
 c - a +0 shield (worn)
 p - a +1 helmet (worn)
Jewellery
 k - a ring of flight (left hand)
 w - an amulet of resist corrosion (around neck)
Wands
 e - a wand of heal wounds (5)
 v - a wand of confusion (7)
Scrolls
 i - 4 scrolls of identify {unknown}
 l - 2 scrolls of teleportation {unknown}
 u - 3 scrolls of magic mapping {unknown}
Potions
 d - a potion of might
 g - a potion of resistance {unknown}
 h - 2 potions of mutation {unknown}
 j - a potion of agility {unknown}
 n - a potion of degeneration {unknown}
 o - 2 potions of invisibility {unknown}
 q - 2 potions of heal wounds {unknown}
 r - 4 potions of curing {unknown}
 s - a potion of flight {unknown}
 t - a potion of poison {unknown}
Comestibles
 f - 2 bread rations
 m - a meat ration


   Skills:
 + Level 3.5 Fighting
 * Level 4.8 Axes
 + Level 4.5 Armour
 + Level 4.6 Shields


You had 5 spell levels left.
You didn't know any spells.

Dungeon Overview and Level Annotations

Branches:
Dungeon (4/15)
 Temple: D:4-7

Altars:

Annotations:
D:3 Grinder


Innate Abilities, Weirdness & Mutations

You are resistant to damage.
You can recharge devices by infusing magical energy.
You passively map a small area around you.
You do not regenerate naturally.


Message History

Something hits you but does no damage.
You are lethally poisoned!
Something hits you but does no damage.
You are more poisoned.
You slash something!
Reactivating autopickup.
You feel a bit more experienced.
* * * LOW HITPOINT WARNING * * *
You feel very sick.
Your shield and scale mail prevent you from hitting the orc.
* * * LOW HITPOINT WARNING * * *
You feel very sick. The orc closely misses you. You block the orc's attack.
You barely miss the orc.
* * * LOW HITPOINT WARNING * * *
You feel very sick. The orc hits you but does no damage.
You slash the orc!
You kill the orc!
You die...

, ,, .# , *.# * #.# *.#
##..#* .# ##...## *.###
# ##.....## ... ##
##.......## ##.##* *
.####.........####...##
....+.........'.@[....#
.####.........####...##,
## ##.......## ##.## #
##.....## *#..,, ##..)##
..., , ##'## .##.. #.#
*,#* .* * #.#
#########.## * *


There were no monsters in sight!

Vanquished Creatures
  An ogre (D:4)
  A giant frog (D:3)
  A hound (D:4)
  An orc wizard (D:4)
  Jessica (D:2)
  5 adders
  2 orcs (D:4)
  4 goblins
  3 hobgoblins
  A quokka (D:4)
  5 bats
  4 giant newts
  2 kobolds
  5 rats
36 creatures vanquished.

Notes
Turn   | Place    | Note
--------------------------------------------------------------
     0 | D:1      | Proton the Deep Dwarf Fighter began the quest for the Orb.
     0 | D:1      | Reached XP level 1. HP: 20/20 MP: 1/1
   686 | D:1      | Reached XP level 2. HP: 27/27 MP: 2/2
  1301 | D:2      | Reached XP level 3. HP: 31/33 MP: 3/3
  1351 | D:2      | Noticed Jessica
  1357 | D:2      | Killed Jessica
  1479 | D:3      | Noticed a giant frog
  1485 | D:3      | Killed a giant frog
  1485 | D:3      | Reached skill level 4 in Axes
  1485 | D:3      | Reached XP level 4. HP: 33/42 MP: 4/4
  1494 | D:3      | Noticed Grinder
  1512 | D:4      | Reached XP level 5. HP: 37/49 MP: 5/5
  1673 | D:4      | Noticed an ogre
  1685 | D:4      | Killed an ogre
  1685 | D:4      | Reached XP level 6. HP: 22/56 MP: 6/6
  1697 | D:4      | HP: 2/56 [poisoned by an orc wizard]
  1698 | D:4      | Succumbed to an orc wizard's poison

Vault maps used:
D:1:      minmay_arrival_doors
D:2:      uniq_jessica
D:3:      uniq_grinder
D:4:      lemuel_castle_with_subvaults, first_bread, serial_shops, shop

Action                   |  1- 3 |  4- 6 || total
-------------------------+-------+-------++-------
Melee: War axe           |    87 |    66 ||   153
  Eat: Bread ration      |     1 |       ||     1
